 Dungeon Crawl Stone Soup version 0.31-a0-851-g7ff8af7976 (webtiles) character file.

Game seed: 10194178394112447533

185 Nattfarinn the Trooper (level 5, -1/41 HPs)
             Began as a Formicid Shapeshifter on Oct 5, 2023.
             Slain by a bullfrog (2 damage)
             ... in a sewer.
             The game lasted 00:05:24 (2987 turns).

Nattfarinn the Trooper (Formicid Shapeshifter)      Turns: 2987, Time: 00:05:24

Health: -1/41      AC:  2    Str: 20    XL:     5   Next: 96%
Magic:  5/5        EV: 12    Int: 10    God:
Gold:   122        SH:  0    Dex: 13    Spells: 4/4 levels left

rFire   . . .        o - +2 dagger (holy)
rCold   . . .        (no shield)
rNeg    . . .        a - +0 animal skin
rPois   .            (helmet unavailable)
rElec   .            (cloak currently unavailable)
rCorr   .            (gloves currently unavailable)
SInv    +            (boots currently unavailable)
Will    .....        (no amulet)
Stlth   +            (no ring)
HPRegen 0.26/turn    (no ring)
MPRegen 0.09/turn

%: no passive effects
@: beast-form, invisible
A: beast (slay +1), permanent stasis, dig shafts and tunnels, antennae 3, four
strong arms
a: Dig, Begin Untransformation


You were in a sewer.
You were a hulking beast.
You visited 1 branch of the dungeon, and saw 3 of its levels.
You also visited: Sewer.

You collected 122 gold pieces.

Inventory:

Hand Weapons
 i - a +0 sling
 o - a +2 dagger of holy wrath (weapon)
Armour
 a - a +0 animal skin (worn)
Talismans
 c - a beast talisman (active)
 d - a flux talisman
Wands
 b - a wand of flame (20)
Scrolls
 e - 5 scrolls of identify {unknown}
 g - a scroll of fog {unknown}
 j - a scroll of immolation {unknown}
 l - 4 scrolls of vulnerability {unknown}
 n - 3 scrolls of teleportation {unknown}
Potions
 h - a potion of curing {unknown}
 k - a potion of berserk rage {unknown}
 m - a potion of resistance {unknown}
 p - a potion of attraction {unknown}


   Skills:
 + Level 3.4 Fighting
 * Level 2.7 Ranged Weapons
 + Level 3.1 Armour
 - Level 1.7 Dodging
 - Level 3.0 Unarmed Combat
 - Level 3.2 Shapeshifting


You had 4 spell levels left.
You didn't know any spells.
Your spell library contained the following spells:

 Spells                   Type           Power      Damage    Failure   Level
 Ensorcelled Hibernation  Hex/Ice        0%         N/A       50%         2
 Passwall                 Tmut/Erth      0%         N/A       50%         2
 Inner Flame              Hex/Fire       0%         N/A       75%         3
 Flame Wave               Conj/Fire      0%         2d4       98%         4
 Sticky Flame             Conj/Fire      0%         2d3       98%         4
 Yara's Violent Unravell  Hex/Tmut       0%         3d3       100%        5
 Enfeeble                 Hex            0%         N/A       100%        7
 Swiftness                Air            Unusable   N/A       N/A         3

Dungeon Overview and Level Annotations

Branches:
Dungeon (3/15)              Sewer (1/1)

Altars:
Kikubaaqudgha
Yredelemnul

Shops:
D:2 !


Innate Abilities, Weirdness & Mutations

You are a hulking beast.
Your limbs bulge with bestial killing power. (Slay +1)
You cannot be hasted, slowed, berserked, paralysed or teleported.
You can dig through walls and to a lower floor.
You have a pair of large antennae on your head. (SInv)
Your four strong arms can wield two-handed weapons with a shield.


Message History

The bullfrog is heavily wounded.
The bullfrog hits you. The quokka closely misses you. The bullfrog hits you.
You are too injured to fight recklessly!
You are too injured to fight recklessly!
You are too injured to fight recklessly!
You are too injured to fight recklessly!
You are too injured to fight recklessly!
You are too injured to fight recklessly!
You are too injured to fight recklessly!
You are too injured to fight recklessly!
You are too injured to fight recklessly!
You are too injured to fight recklessly!
You are too injured to fight recklessly!
You are too injured to fight recklessly!
You are too injured to fight recklessly!
You are too injured to fight recklessly!
You are too injured to fight recklessly!
Unknown command.
You hit the bullfrog.
The bullfrog is severely wounded.
The quokka closely misses you. The bullfrog hits you!
* * * LOW HITPOINT WARNING * * *
The quokka bites you.
* * * LOW HITPOINT WARNING * * *
Unknown command.
It was a potion of invisibility.
You fade into invisibility!
The bullfrog closely misses you. The bullfrog barely misses you.
The quokka barely misses you.
You enter the shallow water.
Moving in this stuff is going to be slow. ...and don't expect to remain undetected.
The bullfrog barely misses you. The bullfrog closely misses you.
The bullfrog hits you.
* * * LOW HITPOINT WARNING * * *
Okay, then.
You hit the bullfrog.
The bullfrog is almost dead.
The bullfrog hits you.
You die...

#############
#.~~~~~~.~~.#####
#...†~.~~.~~..∩.###
#~~~#########~...~##
####~~.~~~.~~~†####~.∩#
##~~#~..~~#####~~~~#####
####~.~#######~∩~#~~.~~~~##
##~~.~.~.#.††~~~.~####~~~~~#
##~~..#~~##~h.~~~~.~.~###~.~~
#~~..##~~#rF#######~~~~~##.~~
##~~~##~~##~.#~~~≈≈###~~~.##.~
#~~~~#~~~#~...~~~~~≈ ##÷~~~#~~
##.††##.~~#~.~.~~~.~~ ##.~~##†
#.~..#~.~~#~~~~$~~~.. #÷~~~#~
#∩..~#~~.~#~~.[$?.~~~ {#~~~~#†
#.~~~#.~~~#≈~~.?!(.~~ #~~~~#~
##~.~##~~~##≈~~...~~≈ ##~~~##~


You could see a bullfrog (unable to see you) and a quokka (unable to see you).

Vanquished Creatures
  An orc priest (D:3)
  Ijyb (D:3)
  3 adders
  A worm (D:3)
  A dart slug (D:2)
  4 orcs (D:3)
  9 ball pythons
  8 endoplasms
  13 giant cockroaches
  4 goblins
  8 hobgoblins
  3 kobolds (D:2)
  10 quokkas
  6 bats
  7 frilled lizards
  8 rats
87 creatures vanquished.

Notes
Turn   | Place    | Note
-------+----------+-------------------------------------------
     0 | D:1      | Nattfarinn the Formicid Shapeshifter began the quest for
                  | the Orb.
     0 | D:1      | Reached XP level 1. HP: 15/15 MP: 1/1
   263 | D:1      | Reached skill level 1 in Armour
   263 | D:1      | Reached XP level 2. HP: 13/21 MP: 2/2
   790 | D:2      | Found Cosyxzue's Distillery.
   818 | D:2      | Reached XP level 3. HP: 27/27 MP: 3/3
  1175 | D:2      | Found an ancient bone altar of Kikubaaqudgha.
  1346 | D:2      | Reached skill level 1 in Ranged Weapons
  1346 | D:2      | Reached XP level 4. HP: 34/34 MP: 4/4
  1430 | D:2      | Found a faded altar of an unknown god.
  1786 | D:3      | Found a basalt altar of Yredelemnul.
  1831 | D:3      | Reached XP level 5. HP: 10/41 MP: 5/5
  1972 | D:3      | Noticed Ijyb
  1974 | D:3      | Found a glowing drain.
  2004 | D:3      | Killed Ijyb
  2160 | Sewer    | Entered a sewer
  2973 | Sewer    | Noticed a bullfrog
  2986 | Sewer    | HP: 1/41 [bullfrog (4)]
  2987 | Sewer    | Slain by a bullfrog

Illustrated notes

Levels and vault maps discovered:
D:1:      lemuel_arrival_behind_the_door_large, layout_loops_ring,
          dreamdust_princess_bridge
D:2:      minmay_door_path, layout_loops_ring,
          shapermc_ecumenical_altar_totnotflames, serial_shops, shop,
          basic_altar
D:3:      layout_basic, yredelemnul_altar_generic, portal_sewer_entry_c,
          uniq_terence, uniq_ijyb
Sewer:    sewer_frog_island_02

Skill      XL: |  1  2  3  4  5 |
---------------+----------------+-----
Armour         | 1 2 3 |  3.1
Fighting       | 2 3 |  3.4
Ranged Weapons | 1 2 |  2.7
Dodging        | |  1.7
Unarmed Combat | |  3.0
Shapeshifting  | |  3.2

Action                     |  1- 3 |  4- 6 || total
---------------------------+-------+-------++-------
  Melee: Unarmed           |    57 |       ||    57
         Dagger            |       |   255 ||   255
         Punch             |       |     3 ||     3
   Fire: Sling             |    28 |       ||    28
    Use: Potion            |       |     2 ||     2
 Armour: Animal skin       |    30 |   107 ||   137
         Skin              |       |    46 ||    46
  Dodge: Dodged            |    40 |   140 ||   180

Table legend: (Time is in decaauts)
 A = Elapsed time spent in this place.
 B = Non-inter-level travel time spent in this place.
 C = Inter-level travel time spent in this place.
 D = Time resting spent in this place.
 E = Time spent auto-exploring this place.
 F = Levels seen in this place.
 G = Mean time per level.
                   A        B        C        D        E       F      G
               +--------+--------+--------+--------+--------+-----+--------+
         Total |   3082 |   2971 |    111 |    454 |   1779 |   4 |  770.5 |
       Dungeon |   2167 |   2056 |    111 |    249 |   1437 |   3 |  722.3 |
         Sewer |    915 |    915 |      0 |    205 |    342 |   1 |  915.0 |
               +--------+--------+--------+--------+--------+-----+--------+

Top non-repeatable levels by time:
   Sewer: 915 daAuts
     D:2: 910 daAuts
     D:1: 783 daAuts
     D:3: 473 daAuts
